 Dungeon Crawl Stone Soup version 0.24.0-123-gd5b16e6ec5 (webtiles) character file.

Game seed: 5304494510669025305, levelgen mode: deterministic

51553 hazymike the Fighter (level 14, -6/63 HPs)
             Began as a Felid Fire Elementalist on Feb 5, 2020.
             Was a High Priest of Vehumet.
             Killed from afar by a deep elf knight (30 damage)
             ... with an orb of energy
             ... on level 15 of the Dungeon.
             The game lasted 06:00:43 (45243 turns).

hazymike the Fighter (Felid Fire Elementalist)     Turns: 45243, Time: 06:00:44

Health: -6/63      AC:  3    Str:  4    XL:     14   Next: 23%
Magic:  37/37      EV: 35    Int: 21    God:    Vehumet [*****.]
Gold:   1464       SH:  0    Dex: 19    Spells: 7/32 levels left
                                        Lives:  0   Deaths: 4

rFire    . . .     SeeInvis +   (weapon unavailable)
rCold    + + .     Gourm    .   (shield unavailable)
rNeg     . . .     Faith    .   (armour unavailable)
rPois    .         Spirit   .   (helmet unavailable)
rElec    .         Reflect  .   (cloak unavailable)
rCorr    .         Harm     .   (gloves unavailable)
MR       ++...                  (boots unavailable)
Stlth    +++.......             (no amulet)
HPRegen  0.20/turn              h - ring of magical power
MPRegen  0.25/turn              m - +6 ring of evasion

@: very slightly contaminated, quick
A: very small, no armour, no weapons or thrown items, stealth, claws 1, fangs 3,
thin skeletal structure 1, see invisible, carnivore, cold resistance 1, speed 1,
frail 1, shaggy fur 3, slow metabolism 1, sharp paws
a: Renounce Religion


You were on level 15 of the Dungeon.
You worshipped Vehumet.
Vehumet was extremely pleased with you.
You were completely stuffed.

You visited 3 branches of the dungeon, and saw 22 of its levels.
You also visited: Sewer and Bailey.

You collected 1464 gold pieces.

Inventory:

Jewellery
 h - a ring of magical power (left paw)
 m - a +6 ring of evasion (right paw)
 s - an uncursed ring of flight
 E - an uncursed ring of wizardry {unknown}
Wands
 e - a wand of acid (33)
 j - a wand of flame (19)
 k - a wand of polymorph (6)
 u - a wand of digging (3)
 w - a wand of iceblast (32)
 H - a wand of clouds (7)
Scrolls
 a - 9 scrolls of teleportation
 g - 3 scrolls of blinking
 i - 3 scrolls of immolation
 l - 5 scrolls of fear
 o - 6 scrolls of remove curse
 q - 8 scrolls of fog
 t - 3 scrolls of magic mapping
 x - 4 scrolls of silence
 y - 3 scrolls of identify
 B - a scroll of amnesia
 F - a scroll of vulnerability {unknown}
Potions
 c - 8 potions of curing
 d - a potion of might
 f - 4 potions of haste
 n - 3 potions of heal wounds
 p - 2 potions of resistance
 r - 4 potions of lignification
 v - 3 potions of agility {unknown}
 z - a potion of brilliance
 A - a potion of berserk rage
 C - a potion of invisibility
 D - a potion of flight
Comestibles
 b - 33 rations


   Skills:
 + Level 13.0 Fighting
 - Level 12.0 Dodging
 - Level 3.0 Stealth
 + Level 9.9 Spellcasting
 + Level 8.1 Conjurations
 + Level 10.2 Hexes
 - Level 2.0 Necromancy
 + Level 12.8 Fire Magic
 + Level 6.5 Earth Magic


You had 7 spell levels left.
You knew the following spells:

 Your Spells              Type           Power        Failure   Level  Hunger
a - Flame Tongue          Conj/Fire      #####        1%          1    None
b - Conjure Flame         Conj/Fire      ######..     1%          3    None
c - Inner Flame           Hex/Fire       ######..     1%          3    None
d - Confusing Touch       Hex            ######       1%          1    None
e - Confuse               Hex            ######..     1%          3    None
f - Iron Shot             Conj/Erth      #####.....   13%         6    ######.
g - Animate Skeleton      Necr           N/A          2%          1    None
h - Searing Ray           Conj           #####.       1%          2    None
i - Fireball              Conj/Fire      ######....   1%          5    ####...

Your spell library contained the following spells:

 Spells                   Type           Power        Failure   Level  Hunger
 Bolt of Magma            Conj/Fire/Erth #####.....   1%          5    ####...
 Corona                   Hex            ######.      1%          1    None
 Magic Dart               Conj           ####         1%          1    None
 Ensorcelled Hibernation  Hex/Ice        ####..       1%          2    None
 Slow                     Hex            ######..     1%          2    None
 Throw Flame              Conj/Fire      ######       1%          2    None
 Dazzling Spray           Conj/Hex       #####.       1%          3    None
 Mephitic Cloud           Conj/Pois/Air  ###.....     1%          3    None
 Stone Arrow              Conj/Erth      #####.       1%          3    None
 Tukima's Dance           Hex            ######..     1%          3    None
 Cause Fear               Hex            ######....   1%          4    ##.....
 Leda's Liquefaction      Hex/Erth       #####.....   1%          4    ##.....
 Sticky Flame             Conj/Fire      ######..     1%          4    ##.....
 Corpse Rot               Necr           N/A          4%          2    None
 Apportation              Tloc           ##....       7%          1    None
 Summon Butterflies       Summ           ##......     7%          1    None
 Summon Small Mammal      Summ           ##..         7%          1    None
 Blink                    Tloc           N/A          10%         2    None
 Call Imp                 Summ           ##......     10%         2    None
 Invisibility             Hex            ######..     16%         6    ######.
 Lesser Beckoning         Tloc           ##........   21%         3    None
 Alistair's Intoxication  Tmut/Pois      ##......     88%         5    ####...
 Summon Forest            Summ/Tloc      ##........   88%         5    ####...
 Hydra Form               Tmut           ##........   100%        6    ######.
 Summon Hydra             Summ           ##........   100%        7    #######
 Portal Projectile        Hex/Tloc       Unusable     N/A         3    N/A

Dungeon Overview and Level Annotations

Branches:
Dungeon (15/15)            Temple (1/1) D:5            Lair (6/6) D:10
  Swamp (0/4) Lair:3        Snake (0/4) Lair:2        Slime (0/5) Lair:5
    Orc (0/2) D:10         Vaults (0/5) D:13         Depths (0/5) D:15
  Sewer (visited)          Bailey (visited)

Altars:
Ashenzari
Cheibriados
Dithmenos
Elyvilon
Fedhas
Gozag
Hepliaklqana
Kikubaaqudgha
Makhleb
Nemelex Xobeh
Okawaru
Qazlal
Ru
Sif Muna
Trog
Uskayaw
Vehumet
Wu Jian
Xom
Yredelemnul
Zin
The Shining One
Jiyva

Shops:
D:8 :

Annotations:
D:7 2 transporters, Sassenached's ghost, novice OgFE
D:13 exclusion: 3 molten gargoyles
D:15 Kirke
Lair:2 exclusion: 2 oklob plants
Lair:3 exclusion: 2 bog bodies
Lair:6 exclusion: dire elephant


Innate Abilities, Weirdness & Mutations

You cannot wear armour.
You are incapable of wielding weapons or throwing items.
Your paws allow you to move quietly. (Stealth)
You have sharp claws.
You have razor-sharp teeth.
You have supernaturally acute eyesight. (SInv)
You are carnivorous and can eat meat at any time.
You cover ground quickly.
Your thick and shaggy fur keeps you warm. (AC +3, rC+)
You have a slow metabolism.
Your sharp claws are effective at attacking unaware monsters.
You have a somewhat thin skeletal structure. (Dex +2, Stealth)
Your flesh is cold resistant. (rC+)
You are frail. (-10% HP)


Message History

The boggart flickers and vanishes for a moment.
The orc knight completely misses you.
The boggart mumbles some strange words.
The hog squeals angrily.
The orc sorcerer shouts!
There is a stone staircase leading up here.
You hear a shout!
The hog completely misses you. The hog bites you! x2
The orc knight completely misses you.
The boggart gestures wildly while chanting.
The orc completely misses you.
Blink to where?
Press: ? - help, Dir - move target cursor You are very lightly contaminated with residual magic.
As you read the scroll of blinking, it crumbles to dust.
The deep elf knight hits you with a +0 scimitar of slicing!!
The shadow slips into darkness.
The shadow flickers and vanishes for a moment.
The deep elf knight gestures at you while chanting.
The orb of energy hits you!!
You die...

#### ###..## #####
####.....#
#...####.....#...
##...#.......Q#.Z.
#<...#.....#...##.
#@W..##....###K###
#...[##....###.o#
#..ye.......##K..#
###....:##..#.o4.#
##.y..##........
#..y#####......
###.Z.##..#..[.
#.......##...
#.......K....


You could see a deep elf knight, 3 vampire mosquitoes, a shadow (invisible) and
a centaur warrior zombie.

Vanquished Creatures
  Nessos (Lair:6)
  A minotaur (shapeshifter) (D:13)
  4 vault guards (D:13)
  Harold (D:8)
  An ogre mage (D:15)
  6 hydras
  2 catoblepae
  3 centaur warriors
  2 two-headed ogres (D:14)
  3 tengu warriors (D:14)
  4 death yaks (Lair:6)
  A deep elf knight (Bailey)
  2 skeletal warriors (D:14)
  Pikel (D:8)
  5 unseen horrors
  11 deep elf magi
  6 ugly things
  A manticore (D:14)
  A manticore (shapeshifter) (D:14)
  13 elephants
  Maurice (D:8)
  A black mamba (shapeshifter) (D:14)
  3 black mambas (Lair:1)
  A centaur skeleton (D:11)
  A gargoyle (D:11)
  9 spiny frogs
  3 rime drakes
  6 komodo dragons
  A freezing wraith (D:14)
  3 trolls
  4 polar bears
  Prince Ribbit (D:5)
  A hornet (D:11)
  A raiju (shapeshifter) (D:14)
  5 blink frogs
  5 hippogriffs
  A spriggan (Lair:3)
  2 shadows
  4 wyverns
  59 yaks
  2 hogs (D:14)
  3 basilisks
  A steam dragon (D:7)
  4 soldier ants (D:6)
  10 water moccasins
  2 nagas (Lair:2)
  2 acid dragons
  9 porcupines
  A hornet zombie (D:11)
  10 orc warriors
  5 sky beasts
  4 phantoms
  3 ice beasts
  A black bear (Lair:4)
  2 eyes of draining
  A necrophage (D:11)
  23 wolves
  6 ogres
  2 boggarts
  9 centaurs
  2 big kobolds
  9 crocodiles
  12 bullfrogs
  4 scorpions
  A wyvern skeleton (D:13)
  21 killer bees
  A troll zombie (D:10)
  8 wights
  9 howler monkeys
  3 centaur zombies
  8 crimson imps
  2 bullfrog zombies
  A quasit (D:5)
  Crazy Yiuf (D:2)
  8 hounds
  5 orc priests
  5 jellies
  11 orc wizards
  5 iguanas
  2 bullfrog skeletons
  Terence (D:2)
  6 hell rats (Lair:4)
  7 worker ants
  A killer bee zombie (D:10)
  7 ogre zombies (D:10)
  2 howler monkey zombies
  A worker ant zombie (D:5)
  10 gnolls
  16 adders
  3 shadow imps
  An ooze (D:4)
  An adder skeleton (D:4)
  An adder zombie (D:8)
  4 worms
  2 dart slugs
  4 leopard geckos
  32 orcs
  8 bats
  7 giant cockroaches
  9 goblins
  6 hobgoblins
  14 jackals
  3 quokkas
  8 ball pythons
  9 frilled lizards
  4 goblin zombies (D:10)
  A hobgoblin skeleton (D:10)
  2 hobgoblin zombies (D:10)
  A jackal skeleton (D:8)
  A jackal zombie (D:5)
  19 kobolds
  A leopard gecko zombie (D:5)
  3 orc skeletons (D:10)
  15 orc zombies (D:10)
  13 rats
  2 fungi (Lair:6)
  A plant (Lair:4)
625 creatures vanquished.

Vanquished Creatures (collateral kills)
  A hydra (Lair:4)
  A death yak (Lair:6)
  A deep troll shaman (Lair:6)
  A spiny frog (Lair:6)
  A komodo dragon (Lair:5)
  A slime creature (D:13)
  4 hippogriffs
  A shadow (D:14)
  2 yaks
  A soldier ant (D:13)
  4 wolves (Lair:4)
  4 crocodiles
  A killer bee (D:6)
  A wight (D:8)
  An electric eel (Lair:4)
  A bullfrog zombie (D:13)
  A hound (D:14)
  2 fungi (Lair:5)
29 creatures vanquished.

Vanquished Creatures (others)
  A two-headed ogre (D:11)
  A dancing weapon (D:10)
  A slave (D:8)
  A killer bee (D:6)
  An orc (D:11)
  A kobold (D:11)
  A bush (Lair:6)
  23 fungi
  24 plants
54 creatures vanquished.

Grand Total: 708 creatures vanquished

Notes
Turn   | Place    | Note
-------+----------+-------------------------------------------
     0 | D:1      | hazymike the Felid Fire Elementalist began the quest for
                  | the Orb.
     0 | D:1      | Reached XP level 1. HP: 7/7 MP: 4/4
   162 | D:1      | Reached skill level 1 in Conjurations
   353 | D:1      | Reached XP level 2. HP: 12/12 MP: 4/6
   850 | D:1      | Reached XP level 3. HP: 15/15 MP: 4/7
  1534 | D:2      | Reached skill level 1 in Fighting
  1848 | D:2      | Reached XP level 4. HP: 19/19 MP: 1/8
  2013 | D:2      | Learned a level 3 spell: Conjure Flame
  2017 | D:2      | Learned a level 3 spell: Inner Flame
  2211 | D:2      | Noticed Terence
  2995 | D:2      | Found a runed translucent door.
  2996 | D:2      | Noticed Crazy Yiuf
  3020 | D:2      | Killed Crazy Yiuf
  3353 | D:3      | Reached skill level 1 in Hexes
  3415 | D:3      | Reached XP level 5. HP: 22/22 MP: 0/9
  3704 | D:3      | Found a sparkling altar of Nemelex Xobeh.
  4622 | D:3      | Found a sparkling altar of Nemelex Xobeh.
  4963 | D:3      | Found a sparkling altar of Nemelex Xobeh.
  5248 | D:4      | Noticed a phantom
  5306 | D:4      | Killed a phantom
  5306 | D:4      | Gained mutation: You are covered in thick fur. (AC +2)
                  | [Felid growth]
  5306 | D:4      | Reached XP level 6. HP: 15/26 MP: 0/11
  5517 | D:4      | Reached skill level 2 in Fighting
  7058 | D:5      | Entered Level 5 of the Dungeon
  7405 | D:5      | Noticed an ice beast
  7725 | D:5      | Reached XP level 7. HP: 30/30 MP: 2/12
  7824 | D:5      | Noticed Prince Ribbit
  7829 | D:5      | HP: 1/30 [Prince Ribbit (12)]
  8753 | D:5      | Identified the +2 ice dragon scales of Imperfection {rF-
                  | rC++ Regen+ Int+10 Dex+4 Stlth+}
  9116 | D:4      | Reached skill level 5 in Dodging
  9116 | D:4      | Reached skill level 5 in Fire Magic
  9183 | D:5      | Reached skill level 3 in Fighting
  9183 | D:5      | Killed Prince Ribbit
  9324 | D:5      | Found a staircase to the Ecumenical Temple.
  9348 | D:5      | Reached XP level 8. HP: 36/36 MP: 6/15
  9395 | D:5      | Killed from afar by an orc priest
  9396 | D:5      | Reached XP level 7. HP: 1/31 MP: 4/14
  9481 | D:5      | Learned a level 1 spell: Confusing Touch
  9494 | D:5      | Reached skill level 4 in Fighting
  9575 | Temple   | Entered the Ecumenical Temple
  9612 | Temple   | Became a worshipper of Vehumet
  9733 | D:6      | Found a runed translucent gate.
  9742 | D:6      | Found a runed translucent gate.
  9742 | D:6      | Found a runed translucent gate.
  9750 | D:6      | Found a runed translucent door.
  9767 | D:6      | Found the +9 staff of Olgreb {rPois}
  9771 | D:6      | Found a runed translucent door.
 10171 | D:6      | Found a glowing drain.
 10192 | Sewer    | Entered a sewer
 11460 | D:6      | Found a sacrificial altar of Ru.
 12151 | D:2      | Killed Terence
 12334 | D:6      | Reached * piety under Vehumet
 12334 | D:6      | Offered knowledge of Freeze by Vehumet.
 12530 | D:6      | Gained mutation: You are frail. (-10% HP) [potion of
                  | mutation]
 12530 | D:6      | Gained mutation: Your flesh is cold resistant. (rC+)
                  | [potion of mutation]
 12530 | D:6      | Gained mutation: You have a somewhat thin skeletal
                  | structure. (Dex +2, Stealth) [potion of mutation]
 12951 | D:6      | Reached XP level 8. HP: 32/32 MP: 6/16
 13152 | D:7      | Learned a level 3 spell: Confuse
 13156 | D:7      | Learned a level 3 spell: Tukima's Dance
 13158 | D:7      | Learned a level 1 spell: Animate Skeleton
 13216 | D:7      | Reached skill level 5 in Spellcasting
 13358 | D:7      | Found a transporter.
 13358 | D:7      | Noticed Sassenached's ghost (novice OgFE)
 13359 | D:7      | Found a transporter.
 13587 | D:8      | Noticed Maurice
 13608 | D:8      | Noticed Pikel
 13620 | D:8      | Splashed by Pikel's acid
 13621 | D:8      | Reached XP level 7. HP: 0/29 MP: 4/15
 13632 | D:8      | Reached skill level 1 in Necromancy
 13752 | D:8      | Reached skill level 5 in Fighting
 13818 | D:8      | Killed Maurice
 13818 | D:8      | Reached XP level 8. HP: 33/33 MP: 1/16
 13832 | D:7      | Noticed a queen bee
 14343 | D:8      | Killed Pikel
 14343 | D:8      | Reached skill level 6 in Fighting
 14435 | D:8      | Found Lonix's Book Shop.
 14567 | D:8      | Noticed Harold
 14725 | D:8      | Reached XP level 9. HP: 36/36 MP: 7/17
 15045 | D:8      | Reached ** piety under Vehumet
 15045 | D:8      | Offered knowledge of Magic Dart by Vehumet.
 15890 | D:8      | Found Lonix's Book Shop.
 16045 | D:8      | Killed Harold
 17223 | D:10     | Entered Level 10 of the Dungeon
 17505 | D:10     | Reached skill level 5 in Conjurations
 17769 | D:9      | Reached skill level 7 in Fighting
 17923 | D:10     | Reached XP level 10. HP: 42/42 MP: 19/19
 18259 | D:10     | Found a staircase to the Lair.
 18549 | D:10     | Offered knowledge of Searing Ray by Vehumet.
 18653 | D:10     | Learned a level 2 spell: Searing Ray
 18769 | D:10     | Reached *** piety under Vehumet
 19191 | D:10     | Offered knowledge of Olgreb's Toxic Radiance by Vehumet.
 19417 | D:10     | Found a staircase to the Orcish Mines.
 19564 | D:10     | Noticed an unseen horror
 19574 | D:10     | Killed an unseen horror
 19574 | D:10     | Reached skill level 8 in Fighting
 20446 | D:5      | Found a staircase to the Ecumenical Temple.
 20596 | D:6      | Reached **** piety under Vehumet
 20612 | D:6      | Offered knowledge of Ignite Poison by Vehumet.
 20926 | D:6      | Reached skill level 9 in Fighting
 21009 | D:6      | Reached XP level 11. HP: 40/47 MP: 19/21
 21219 | D:10     | Learned a level 5 spell: Fireball
 21300 | D:11     | Noticed an eight-headed hydra
 21302 | D:11     | Noticed an unseen horror
 21311 | D:11     | Killed an unseen horror
 21384 | D:11     | Noticed a white ugly thing
 21764 | D:11     | Noticed a red ugly thing
 21819 | D:11     | Killed an eight-headed hydra
 21852 | D:11     | Killed a two-headed ogre
 23326 | D:11     | Noticed an unseen horror
 23537 | D:11     | Killed an unseen horror
 23543 | D:11     | Killed a red ugly thing
 23589 | D:11     | Killed a red ugly thing
 24139 | D:12     | Reached skill level 10 in Fighting
 24253 | D:12     | Found a flagged portal.
 24323 | Bailey   | Entered a bailey
 24345 | Bailey   | Noticed a deep elf mage
 24353 | Bailey   | Killed a deep elf mage
 24393 | Bailey   | Noticed a deep elf mage
 24395 | Bailey   | Noticed a deep elf mage
 24395 | Bailey   | Noticed a deep elf mage
 24400 | Bailey   | Noticed a deep elf mage
 24411 | Bailey   | Killed a deep elf mage
 24416 | Bailey   | Killed a deep elf mage
 24433 | Bailey   | Killed a deep elf mage
 24440 | Bailey   | Noticed a deep elf mage
 24441 | Bailey   | Mangled by a demonic crawler
 24442 | Bailey   | Reached XP level 10. HP: -6/45 MP: 8/29
 24450 | Bailey   | Noticed a deep elf mage
 24450 | Bailey   | Noticed a deep elf mage
 24450 | Bailey   | Noticed a deep elf mage
 24454 | Bailey   | Killed a deep elf mage
 24454 | Bailey   | Reached XP level 11. HP: 17/48 MP: 12/21
 24454 | Bailey   | Killed a deep elf mage
 24454 | Bailey   | Reached ***** piety under Vehumet
 24454 | Bailey   | Offered knowledge of Iron Shot by Vehumet.
 24459 | Bailey   | Killed a deep elf mage
 24461 | Bailey   | Noticed a deep elf mage
 24508 | Bailey   | Killed a deep elf mage
 24508 | Bailey   | Reached skill level 10 in Dodging
 24508 | Bailey   | Reached skill level 10 in Fire Magic
 24744 | Bailey   | Killed a deep elf mage
 24775 | Bailey   | Killed a deep elf mage
 24859 | Bailey   | Noticed a deep elf knight
 24903 | Bailey   | Killed a deep elf knight
 25628 | Lair:1   | Entered Level 1 of the Lair of Beasts
 26976 | Lair:1   | Noticed a five-headed hydra
 26990 | Lair:1   | Killed a five-headed hydra
 27364 | Lair:2   | Found a staircase to the Snake Pit.
 28025 | Lair:2   | Gained mutation: Your thick and shaggy fur keeps you warm.
                  | (AC +3, rC+) [Felid growth]
 28025 | Lair:2   | Reached XP level 12. HP: 53/53 MP: 8/23
 28581 | Lair:2   | Noticed a six-headed hydra
 28619 | Lair:2   | Killed a six-headed hydra
 28619 | Lair:2   | Reached skill level 11 in Fighting
 29530 | Lair:3   | Found a bloodstained altar of Trog.
 30004 | Lair:3   | Noticed a seven-headed hydra
 30125 | Lair:3   | Killed a seven-headed hydra
 30373 | Lair:3   | Found a staircase to the Swamp.
 30786 | D:9      | Learned a level 6 spell: Iron Shot
 31363 | Lair:4   | Noticed a six-headed hydra
 31454 | Lair:4   | Reached skill level 1 in Earth Magic
 31612 | Lair:4   | Killed a six-headed hydra
 31924 | Lair:4   | Offered knowledge of Yara's Violent Unravelling by Vehumet.
 33064 | Lair:5   | Found a viscous altar of Jiyva.
 33064 | Lair:5   | Found a staircase to the Slime Pits.
 33568 | Lair:6   | Entered Level 6 of the Lair of Beasts
 33568 | Lair:6   | Noticed a five-headed hydra
 33703 | Lair:6   | Reached XP level 13. HP: 56/56 MP: 18/25
 33937 | Lair:6   | Reached skill level 10 in Hexes
 34617 | Lair:5   | Found a staircase to the Slime Pits.
 34618 | Lair:5   | Found a viscous altar of Jiyva.
 35288 | Lair:6   | Mangled by a five-headed hydra
 35289 | Lair:6   | Reached XP level 12. HP: -13/54 MP: 1/33
 35301 | Lair:6   | Killed a five-headed hydra
 35899 | Lair:6   | Noticed a death yak
 36011 | Lair:6   | Noticed Nessos
 36037 | Lair:6   | Killed Nessos
 36664 | Lair:6   | Reached skill level 12 in Fighting
 37828 | Lair:6   | Offered knowledge of Bolt of Magma by Vehumet.
 37831 | Lair:6   | Reached XP level 13. HP: 57/57 MP: 12/26
 38612 | Lair:6   | Noticed a dire elephant
 40160 | D:13     | Reached skill level 5 in Earth Magic
 40694 | D:13     | Found a gate to the Vaults.
 40786 | D:13     | Noticed a minotaur
 40834 | D:13     | Killed a minotaur
 43629 | D:14     | Reached XP level 14. HP: 62/62 MP: 24/28
 44139 | D:15     | Entered Level 15 of the Dungeon
 44363 | D:15     | Noticed Kirke
 44549 | D:15     | Found a staircase to the Depths.
 44758 | D:14     | Reached skill level 13 in Fighting
 45243 | D:15     | Killed from afar by a deep elf knight

Levels and vault maps discovered:
D:1:      elethiomel_arrival_diamonds, layout_basic
D:2:      layout_loops_ring, uniq_crazy_yiuf_cottage, uniq_terence
D:3:      layout_basic, first_ration, nemelex_spade_bored_becter
D:4:      layout_basic, serial_bayou_pond_e
D:5:      layout_rooms, minmay_temple_entry_glass, uniq_prince_ribbit1
D:6:      layout_basic, nicolae_ru_great_annihilating_truth,
          portal_sewer_entry_f, minmay_guarded_unrand_staff_of_olgreb
D:7:      layout_rooms, gammafunk_ghost_hive
D:8:      layout_basic, serial_shops,
          nicolae_shop_temple_entry_statues_fountains, uniq_pikel, uniq_harold,
          uniq_maurice
D:9:      layout_rooms
D:10:     layout_basic, david_lair_shrubbed, zombieorc2_lemuel
D:11:     layout_loops_ring, hangedman_stone_soup
D:12:     layout_grid_maze, enter_bailey_2
D:13:     layout_stronghold, lightli_vaults_fourway_checkpoint, minivault_8
D:14:     layout_stronghold, minmay_misc_feat_roman
D:15:     hangedman_depths_entry_civil_slaughter, layout_cave_pools,
          patterned_corridor, uniq_kirke, uniq_rupert
Temple:   compressed_dpeg_circular_temple
Lair:1:   layout_hall_layers
Lair:2:   layout_loops_ring, guppyfry_snake_entry_garden,
          minmay_lair_oklob_chamber, lemuel_fruit_fields
Lair:3:   layout_cave_pods, skrybe_swamp_entry_bodies, basic_altar
Lair:4:   layout_gridlike, grunt_forest_stairs_clearing
Lair:5:   layout_misc_corridors, slime_altar_1, chequers_serial_rivers_small_a
Lair:6:   grunt_lair_end_beastmaster, layout_layer_cave, uniq_nessos

Skill      XL: |  1  2  3  4  5  6  7  8  9 10 11 12 13 14 |
---------------+-------------------------------------------+-----
Conjurations   | 1 2 3 4 5 6 8 |  8.1
Stealth        | 3 |  3.0
Dodging        | 3 4 5 8 10 12 | 12.0
Fire Magic     | 3 4 6 8 11 12 | 12.8
Fighting       | 1 2 5 6 7 9 10 12 13 | 13.0
Hexes          | 1 2 3 4 6 7 8 9 10 | 10.2
Spellcasting   | 3 4 5 6 8 9 |  9.9
Necromancy     | 2 |  2.0
Earth Magic    | 4 6 |  6.5

Action                   |  1- 3 |  4- 6 |  7- 9 | 10-12 | 13-15 || total
-------------------------+-------+-------+-------+-------+-------++-------
Melee: Unarmed           |     1 |    20 |   212 |   198 |     4 ||   435
       Bite              |       |     1 |    24 |    28 |     2 ||    55
 Cast: Flame Tongue      |    85 |   174 |   351 |  1108 |   581 ||  2299
       Conjure Flame     |       |    11 |    40 |    87 |   105 ||   243
       Inner Flame       |       |       |    11 |    25 |    35 ||    71
       Confusing Touch   |       |       |     7 |    25 |       ||    32
       Confuse           |       |       |    10 |   147 |    82 ||   239
       Animate Skeleton  |       |       |     2 |    45 |    33 ||    80
       Tukima's Dance    |       |       |     6 |       |       ||     6
       Fireball          |       |       |       |    85 |    34 ||   119
       Searing Ray       |       |       |       |     7 |     4 ||    11
Evoke: Wand              |       |       |       |     8 |       ||     8
  Use: Scroll            |       |     7 |    10 |     7 |     4 ||    28
       Potion            |       |       |     5 |     7 |       ||    12
 Stab: Confused          |       |       |    11 |    27 |     1 ||    39
       Sleeping          |       |       |     1 |       |       ||     1
  Eat: Chunk             |    10 |    11 |    34 |    68 |    26 ||   149
Armor: Skin              |     2 |     3 |     8 |    10 |     5 ||    28
Dodge: Dodged            |    18 |    55 |   177 |   649 |   276 ||  1175
